| TOP OF THE 1ST |
|
Dallas-Fort Worth Rangers batting - Pitching for Round Rock Express : RHP Richard Dotson
|
|
Pitching: RHP Richard Dotson
|
|
|
Batting: RHB Dave Aponte
|
0-0: Ball 1-0: Ball 2-0: Foul Ball, location: 2F 2-1: Ball 3-1: Called Strike 3-2: Foul Ball, location: 2F 3-2: Base on Balls
|
|
Batting: RHB Phil Bradley
|
0-0: Foul Ball, location: 2F 0-1: Called Strike 0-2: Foul Ball, location: 2F 0-2: Ball 1-2: Ball 2-2: Foul Ball, location: 2F 2-2: Fly out, F8 (Flyball, 8LM, EV 90.0 MPH)
|
|
Batting: LHB Sid Bream
|
0-0: Ball 1-0: TRIPLE (Flyball, 78XD, EV 102.5 MPH) Dave Aponte scores
|
|
Batting: LHB Stan Levi
|
0-0: Fly out, F8 (Flyball, 89M, EV 85.0 MPH)
|
|
Batting: RHB Terry Lee
|
0-0: Foul Ball, location: 2F 0-1: Ball 1-1: Ball 2-1: Ball 3-1: Base on Balls
|
|
Batting: RHB Ross Jones
|
0-0: Ball 1-0: Ball 2-0: Ball 3-0: Called Strike 3-1: Foul Ball, location: 2F 3-2: Strikes out swinging
|
| Top of the 1st over - 1 run, 1 hit, 0 errors, 2 left on base; Dallas-Fort Worth 1 - Round Rock 0 |
| BOTTOM OF THE 1ST |
|
Round Rock Express batting - Pitching for Dallas-Fort Worth Rangers : RHP Billy Hawley
|
|
Pitching: RHP Billy Hawley
|
|
|
Batting: LHB Steve Lyons
|
0-0: Called Strike 0-1: Ball 1-1: Ball 2-1: Fly out, F8 (Flyball, 8LD, EV 109.4 MPH)
|
|
Batting: LHB Luis Armijo
|
0-0: Called Strike 0-1: Ball 1-1: Called Strike 1-2: Strikes out looking
|
|
Batting: RHB Alejandro Sanchez
|
0-0: Called Strike 0-1: Foul Ball, location: 2F 0-2: Ball 1-2: Ball 2-2: Ball 3-2: Ground out 6-3 (Groundball, 6D, EV 102.5 MPH)
|
| Bottom of the 1st over - 0 runs, 0 hits, 0 errors, 0 left on base; Dallas-Fort Worth 1 - Round Rock 0 |
| TOP OF THE 2ND |
|
Dallas-Fort Worth Rangers batting - Pitching for Round Rock Express : RHP Richard Dotson
|
|
Batting: LHB Daryl Fazzio
|
0-0: Ball 1-0: Ball 2-0: Foul Ball, location: 2F 2-1: Ball 3-1: Base on Balls
|
|
Batting: SHB Eski Viltz
|
0-0: Ball 1-0: Foul Ball, location: 2F 1-1: Called Strike 1-2: Ball 2-2: Fielders Choice at 2nd, 4-6 (Groundball, 34D, EV 110.6 MPH)
|
|
Batting: LHB Garcia Gutierrez
|
0-0: Ball 1-0: SINGLE (Groundball, 56, EV 100.0 MPH) Eski Viltz to second
|
|
Batting: RHB Dave Aponte
|
0-0: Ball Eski Viltz steals 3rd base 1-0: Foul Ball, location: 2F 1-1: Fly out, F6 (Flyball, 56D, EV 86.3 MPH)
|
|
Batting: RHB Phil Bradley
|
0-0: Foul Ball, location: 2F 0-1: Ground out 4-3 (Groundball, 34, EV 84.4 MPH)
|
| Top of the 2nd over - 0 runs, 1 hit, 0 errors, 2 left on base; Dallas-Fort Worth 1 - Round Rock 0 |
| BOTTOM OF THE 2ND |
|
Round Rock Express batting - Pitching for Dallas-Fort Worth Rangers : RHP Billy Hawley
|
|
Batting: LHB Al Chambers
|
0-0: Ball 1-0: Called Strike 1-1: Swinging Strike 1-2: Strikes out looking
|
|
Batting: LHB Dave Sanchez
|
0-0: Ball 1-0: Swinging Strike 1-1: Called Strike 1-2: Strikes out swinging
|
|
Batting: LHB James Jennings
|
0-0: Ball 1-0: Ball 2-0: Ball 3-0: Base on Balls
|
|
Batting: RHB Mike Sodders
|
0-0: Called Strike 0-1: Called Strike 0-2: Strikes out swinging
|
| Bottom of the 2nd over - 0 runs, 0 hits, 0 errors, 1 left on base; Dallas-Fort Worth 1 - Round Rock 0 |
| TOP OF THE 3RD |
|
Dallas-Fort Worth Rangers batting - Pitching for Round Rock Express : RHP Richard Dotson
|
|
Batting: LHB Sid Bream
|
0-0: Called Strike 0-1: Foul Ball, location: 2F 0-2: Foul Ball, location: 2F 0-2: Ball 1-2: Reached on error, E6 (Groundball, 6M, EV 106.3 MPH)
|
|
Batting: LHB Stan Levi
|
0-0: Foul Ball, location: 2F 0-1: Ball 1-1: Ball 2-1: Foul Ball, location: 2F 2-2: Foul Ball, location: 2F 2-2: Foul Ball, location: 2F 2-2: SINGLE (Groundball, 6MS, EV 68.1 MPH) (infield hit) Sid Bream to second
|
|
Batting: RHB Terry Lee
|
0-0: Called Strike 0-1: Swinging Strike 0-2: Foul Ball, location: 2F 0-2: Ball 1-2: Strikes out swinging
|
|
Batting: RHB Ross Jones
|
0-0: SINGLE (Groundball, 6M, EV 96.9 MPH) Sid Bream to third Stan Levi to second Runner from 3rd tries for Home, SAFE, throw by CF to home
|
|
Batting: LHB Daryl Fazzio
|
0-0: Ball 1-0: Called Strike 1-1: Ball 2-1: Grounds into double play, 5-4-3 (Groundball, 5, EV 93.1 MPH)
|
| Top of the 3rd over - 1 run, 2 hits, 1 error, 1 left on base; Dallas-Fort Worth 2 - Round Rock 0 |
| BOTTOM OF THE 3RD |
|
Round Rock Express batting - Pitching for Dallas-Fort Worth Rangers : RHP Billy Hawley
|
|
Batting: LHB Buck Showalter
|
0-0: Ground out 4-3 (Groundball, 4M, EV 100.0 MPH)
|
|
Batting: RHB George Ramos
|
0-0: Called Strike 0-1: Ground out 6-3 (Groundball, 6, EV 91.3 MPH)
|
|
Batting: LHB Steve Lyons
|
0-0: SINGLE (Line Drive, 6D, EV 98.8 MPH)
|
|
Batting: LHB Luis Armijo
|
0-0: Ball 1-0: Called Strike Steve Lyons steals 2nd base (no throw) 1-1: Fly out, F8 (Flyball, 8LM, EV 97.5 MPH)
|
| Bottom of the 3rd over - 0 runs, 1 hit, 0 errors, 1 left on base; Dallas-Fort Worth 2 - Round Rock 0 |
| TOP OF THE 4TH |
|
Dallas-Fort Worth Rangers batting - Pitching for Round Rock Express : RHP Richard Dotson
|
|
Batting: SHB Eski Viltz
|
0-0: Ball 1-0: Ball 2-0: Ball 3-0: Base on Balls
|
|
Batting: LHB Garcia Gutierrez
|
0-0: Ball 1-0: Called Strike 1-1: Ball Eski Viltz steals 2nd base 2-1: 2-RUN HOME RUN (Flyball, 9D, EV 103.1 MPH), Distance : 376 ft
|
|
Batting: RHB Dave Aponte
|
0-0: Ball 1-0: Foul Ball, location: 2F 1-1: Ground out 1-3 (Groundball, 13S, EV 63.8 MPH)
|
|
Batting: RHB Phil Bradley
|
0-0: Foul Ball, location: 2F 0-1: Ball 1-1: Foul Ball, location: 2F 1-2: Fly out, F8 (Flyball, 8LD, EV 97.5 MPH)
|
|
Batting: LHB Sid Bream
|
0-0: Called Strike 0-1: Foul Ball, location: 2F 0-2: Ball 1-2: DOUBLE (Line Drive, 7LM, EV 109.4 MPH)
|
|
Batting: LHB Stan Levi
|
0-0: Ball 1-0: TRIPLE (Line Drive, 78XD, EV 104.4 MPH) Sid Bream scores
|
|
Batting: RHB Terry Lee
|
0-0: Ball 1-0: Called Strike 1-1: Ground out 6-3 (Groundball, 6, EV 86.3 MPH)
|
| Top of the 4th over - 3 runs, 3 hits, 0 errors, 1 left on base; Dallas-Fort Worth 5 - Round Rock 0 |
| BOTTOM OF THE 4TH |
|
Round Rock Express batting - Pitching for Dallas-Fort Worth Rangers : RHP Billy Hawley
|
|
Batting: RHB Alejandro Sanchez
|
0-0: Ground out 3-1 (Groundball, 34S, EV 83.8 MPH)
|
|
Batting: LHB Al Chambers
|
0-0: SINGLE (Flyball, 7LS, EV 93.1 MPH)
|
|
Batting: LHB Dave Sanchez
|
0-0: Called Strike 0-1: Called Strike 0-2: Ball 1-2: Ball 2-2: Foul Ball, location: 2F 2-2: 2-RUN HOME RUN (Flyball, 9D, EV 101.3 MPH), Distance : 352 ft
|
|
Batting: LHB James Jennings
|
0-0: Ball 1-0: Ball 2-0: Called Strike 2-1: Foul Ball, location: 2F 2-2: Fly out, F7 (Flyball, 78S, EV 95.6 MPH)
|
|
Batting: RHB Mike Sodders
|
0-0: Ball 1-0: Fly out, F8 (Flyball, 89D, EV 108.8 MPH)
|
| Bottom of the 4th over - 2 runs, 2 hits, 0 errors, 0 left on base; Dallas-Fort Worth 5 - Round Rock 2 |
| TOP OF THE 5TH |
|
Dallas-Fort Worth Rangers batting - Pitching for Round Rock Express : RHP Richard Dotson
|
|
Batting: RHB Ross Jones
|
0-0: Ground out 5-3 (Groundball, 56S, EV 86.3 MPH)
|
|
Batting: LHB Daryl Fazzio
|
0-0: Called Strike 0-1: Ball 1-1: Swinging Strike 1-2: Foul Ball, location: 2F 1-2: Ball 2-2: Foul Ball, location: 2F 2-2: Fly out, F8 (Flyball, 8LD, EV 93.1 MPH)
|
|
Batting: SHB Eski Viltz
|
0-0: Swinging Strike 0-1: Called Strike 0-2: Ball 1-2: Ball 2-2: Ground out 4-3 (Groundball, 4M, EV 85.0 MPH)
|
| Top of the 5th over - 0 runs, 0 hits, 0 errors, 0 left on base; Dallas-Fort Worth 5 - Round Rock 2 |
| BOTTOM OF THE 5TH |
|
Round Rock Express batting - Pitching for Dallas-Fort Worth Rangers : RHP Billy Hawley
|
|
Batting: LHB Buck Showalter
|
0-0: Ball 1-0: Called Strike 1-1: Ball 2-1: Foul Ball, location: 2F 2-2: Ball 3-2: Foul Ball, location: 2F 3-2: Foul Ball, location: 2F 3-2: Base on Balls
|
|
Batting: RHB George Ramos
|
0-0: Ball 1-0: Called Strike 1-1: Ball 2-1: Ball 3-1: SINGLE (Line Drive, 6D, EV 98.8 MPH) Buck Showalter to second
|
|
Batting: LHB Steve Lyons
|
0-0: Swinging Strike 0-1: Called Strike 0-2: Fly out, F7 (Flyball, 78M, EV 82.5 MPH)
|
|
Batting: LHB Luis Armijo
|
0-0: Foul Ball, location: 2F 0-1: Fly out, F6 (Line Drive, 6, EV 69.4 MPH)
|
|
Batting: RHB Alejandro Sanchez
|
0-0: Called Strike 0-1: Called Strike 0-2: DOUBLE (Line Drive, 89D, EV 103.8 MPH) Buck Showalter scores George Ramos to third Runner from 3rd tries for Home, SAFE, throw by RF to trailing runner, SAFE at third!
|
|
Batting: LHB Al Chambers
|
0-0: Foul Ball, location: 2F 0-1: Ball 1-1: SINGLE (Line Drive, 89S, EV 94.4 MPH) Alejandro Sanchez scores
|
|
Batting: LHB Dave Sanchez
|
0-0: Ball 1-0: Called Strike 1-1: Ball 2-1: Foul Ball, location: 2F 2-2: Ball 3-2: Foul Ball, location: 2F 3-2: Foul Ball, location: 2F 3-2: Foul Ball, location: 2F 3-2: Fly out, F8 (Flyball, 8LS, EV 91.9 MPH)
|
| Bottom of the 5th over - 3 runs, 3 hits, 0 errors, 1 left on base; Dallas-Fort Worth 5 - Round Rock 5 |
| TOP OF THE 6TH |
|
Dallas-Fort Worth Rangers batting - Pitching for Round Rock Express : RHP Richard Dotson
|
|
Batting: LHB Garcia Gutierrez
|
0-0: TRIPLE (Line Drive, 89XD, EV 106.9 MPH)
|
|
Batting: RHB Dave Aponte
|
0-0: Foul Ball, location: 2F 0-1: Swinging Strike 0-2: Ball 1-2: 2-RUN HOME RUN (Flyball, 78XD, EV 95.0 MPH), Distance : 390 ft
|
|
Pitching: RHP Bret Cleland
|
|
|
Batting: RHB Phil Bradley
|
0-0: Ball 1-0: Ball 2-0: Foul Ball, location: 2F 2-1: Ball 3-1: Called Strike 3-2: Foul Ball, location: 2F 3-2: Foul Ball, location: 2F 3-2: SINGLE (Line Drive, 9S, EV 108.1 MPH)
|
|
Batting: LHB Sid Bream
|
0-0: Fly out, F6 (Popup, 6S, EV 79.4 MPH)
|
|
Batting: LHB Stan Levi
|
0-0: Reached on error, E9 (Flyball, 9D, EV 88.8 MPH) Phil Bradley to second
|
|
Batting: RHB Terry Lee
|
0-0: Called Strike Phil Bradley steals 3rd base Stan Levi to second 0-1: Ball 1-1: Called Strike 1-2: Fly out, F8 (Flyball, 8LD, EV 96.3 MPH) Runner from 3rd tags up, OUT at HOME! 8-2
|
| Top of the 6th over - 2 runs, 3 hits, 1 error, 1 left on base; Dallas-Fort Worth 7 - Round Rock 5 |
| BOTTOM OF THE 6TH |
|
Round Rock Express batting - Pitching for Dallas-Fort Worth Rangers : RHP Billy Hawley
|
|
Batting: LHB James Jennings
|
0-0: Called Strike 0-1: Ball 1-1: Fly out, F8 (Flyball, 8RS, EV 90.0 MPH)
|
|
Batting: RHB Mike Sodders
|
0-0: Ball 1-0: Called Strike 1-1: Ground out 4-3 (Groundball, 4, EV 85.0 MPH)
|
|
Batting: LHB Buck Showalter
|
0-0: Called Strike 0-1: Ball 1-1: Ground out U3 (Groundball, 34, EV 102.5 MPH)
|
| Bottom of the 6th over - 0 runs, 0 hits, 0 errors, 0 left on base; Dallas-Fort Worth 7 - Round Rock 5 |
| TOP OF THE 7TH |
|
Dallas-Fort Worth Rangers batting - Pitching for Round Rock Express : RHP Bret Cleland
|
|
Batting: RHB Ross Jones
|
0-0: Ball 1-0: Called Strike 1-1: Ball 2-1: Ball 3-1: Called Strike 3-2: Base on Balls
|
|
Batting: LHB Daryl Fazzio
|
0-0: Ball 1-0: Ball 2-0: Ball 3-0: Base on Balls Ross Jones to second
|
|
Batting: SHB Eski Viltz
|
0-0: Bunted foul 0-1: Bunt missed! 0-2: Ball 1-2: Foul Ball, location: 2F 1-2: Ball 2-2: SINGLE (Line Drive, 89S, EV 94.4 MPH) Ross Jones to third Daryl Fazzio to second
|
|
Batting: LHB Garcia Gutierrez
|
0-0: Called Strike 0-1: SINGLE (Groundball, 4M, EV 90.0 MPH) (infield hit) Ross Jones scores Daryl Fazzio to third Eski Viltz to second
|
|
Batting: RHB Dave Aponte
|
0-0: SINGLE (Line Drive, 78S, EV 90.0 MPH) Daryl Fazzio scores Eski Viltz to third Garcia Gutierrez to second
|
|
Batting: RHB Phil Bradley
|
0-0: Swinging Strike 0-1: Swinging Strike 0-2: Ball 1-2: Ball 2-2: Ball 3-2: Base on Balls Eski Viltz scores Garcia Gutierrez to third Dave Aponte to second
|
|
Pitching: RHP Jeff Keener
|
|
|
Batting: LHB Sid Bream
|
0-0: Fielders Choice at 2nd, 4-6 (Groundball, 34D, EV 86.9 MPH) Garcia Gutierrez scores Dave Aponte to third
|
|
Batting: LHB Stan Levi
|
0-0: Fly out, F5 (Flyball, 5D, EV 91.3 MPH)
|
|
Batting: RHB Terry Lee
|
0-0: Called Strike 0-1: 3-RUN HOME RUN (Line Drive, 78XD, EV 101.3 MPH), Distance : 386 ft
|
|
Pinch Hitting: RHB Jesse Plummer
|
0-0: Called Strike 0-1: Called Strike 0-2: Ball 1-2: Foul Ball, location: 2F 1-2: Ball 2-2: Ball 3-2: Foul Ball, location: 2F 3-2: Strikes out swinging
|
| Top of the 7th over - 7 runs, 4 hits, 0 errors, 0 left on base; Dallas-Fort Worth 14 - Round Rock 5 |
| BOTTOM OF THE 7TH |
|
Round Rock Express batting - Pitching for Dallas-Fort Worth Rangers : RHP Billy Hawley
|
|
Now in CF: Jesse Plummer
|
|
|
Batting: RHB George Ramos
|
0-0: Ground out 5-3 (Groundball, 56, EV 89.4 MPH)
|
|
Pinch Hitting: RHB Val Medina
|
0-0: Foul Ball, location: 2F 0-1: Ball 1-1: Ground out 5-3 (Groundball, 56, EV 103.8 MPH)
|
|
Batting: LHB Luis Armijo
|
0-0: Ball 1-0: Swinging Strike 1-1: Called Strike 1-2: Ground out U3 (Groundball, 34, EV 78.8 MPH)
|
| Bottom of the 7th over - 0 runs, 0 hits, 0 errors, 0 left on base; Dallas-Fort Worth 14 - Round Rock 5 |
| TOP OF THE 8TH |
|
Dallas-Fort Worth Rangers batting - Pitching for Round Rock Express : RHP Jeff Keener
|
|
Now at 2B: Val Medina
|
|
|
Batting: LHB Daryl Fazzio
|
0-0: Foul Ball, location: 2F 0-1: Ball 1-1: DOUBLE (Line Drive, 9LM, EV 103.8 MPH)
|
|
Batting: SHB Eski Viltz
|
0-0: Ground out 1-3 (Groundball, 34S, EV 72.5 MPH) Daryl Fazzio to third
|
|
Batting: LHB Garcia Gutierrez
|
0-0: Ball 1-0: Ball 2-0: Called Strike 2-1: Foul Ball, location: 2F 2-2: Ball 3-2: Foul Ball, location: 2F 3-2: Base on Balls
|
|
Batting: RHB Dave Aponte
|
0-0: Ball 1-0: Foul Ball, location: 2F 1-1: Hit by Pitch Garcia Gutierrez to second
|
|
Batting: RHB Phil Bradley
|
0-0: Foul Ball, location: 2F 0-1: Foul Ball, location: 2F 0-2: Foul Ball, location: 2F 0-2: Hit by Pitch Daryl Fazzio scores Garcia Gutierrez to third Dave Aponte to second
|
|
Pitching: RHP Mario Kaufman
|
|
|
Batting: LHB Sid Bream
|
0-0: Called Strike 0-1: Ball 1-1: Ball 2-1: Ball 3-1: Foul Ball, location: 2F 3-2: Foul Ball, location: 2F 3-2: Base on Balls Garcia Gutierrez scores Dave Aponte to third Phil Bradley to second
|
|
Batting: LHB Stan Levi
|
0-0: Ball 1-0: Ball 2-0: Fly out, F7 (Line Drive, 7, EV 103.1 MPH) Runner from 3rd tags up, SCORES, throw by LF
|
|
Batting: RHB Terry Lee
|
0-0: Called Strike 0-1: Ball 1-1: Fly out, F9 (Flyball, 9, EV 93.8 MPH)
|
| Top of the 8th over - 3 runs, 1 hit, 0 errors, 2 left on base; Dallas-Fort Worth 17 - Round Rock 5 |
| BOTTOM OF THE 8TH |
|
Round Rock Express batting - Pitching for Dallas-Fort Worth Rangers : RHP Billy Hawley
|
|
Batting: RHB Alejandro Sanchez
|
0-0: Foul Ball, location: 2F 0-1: Ball 1-1: Ball 2-1: Swinging Strike 2-2: Fly out, F7 (Flyball, 7S, EV 93.1 MPH)
|
|
Pinch Hitting: SHB Wayne Rudolph
|
0-0: Ball 1-0: Ground out 6-3 (Groundball, 6, EV 84.4 MPH)
|
|
Batting: LHB Dave Sanchez
|
0-0: SINGLE (Groundball, 56D, EV 102.5 MPH)
|
|
Pitching: LHP Manny Sandate
|
|
|
Batting: LHB James Jennings
|
0-0: Swinging Strike 0-1: Swinging Strike 0-2: Foul Ball, location: 2F 0-2: Foul Ball, location: 2F 0-2: Ball 1-2: Strikes out swinging
|
| Bottom of the 8th over - 0 runs, 1 hit, 0 errors, 1 left on base; Dallas-Fort Worth 17 - Round Rock 5 |
| TOP OF THE 9TH |
|
Dallas-Fort Worth Rangers batting - Pitching for Round Rock Express : RHP Mario Kaufman
|
|
Pitching: LHP Ronald Wrobel
|
|
|
Now in LF: Wayne Rudolph
|
|
|
Batting: RHB Jesse Plummer
|
0-0: Called Strike 0-1: Called Strike 0-2: Strikes out swinging
|
|
Batting: LHB Daryl Fazzio
|
0-0: Called Strike 0-1: Ball 1-1: Ground out 3-1 (Groundball, 34, EV 91.9 MPH)
|
|
Batting: SHB Eski Viltz
|
0-0: Swinging Strike 0-1: Ball 1-1: Ball 2-1: Ball 3-1: Called Strike 3-2: Fly out, F8 (Flyball, 8LM, EV 81.3 MPH)
|
| Top of the 9th over - 0 runs, 0 hits, 0 errors, 0 left on base; Dallas-Fort Worth 17 - Round Rock 5 |
| BOTTOM OF THE 9TH |
|
Round Rock Express batting - Pitching for Dallas-Fort Worth Rangers : LHP Manny Sandate
|
|
Batting: RHB Mike Sodders
|
0-0: Ball 1-0: Foul Ball, location: 2F 1-1: Swinging Strike 1-2: Ball 2-2: Strikes out swinging, 2-3 out at first.
|
|
Batting: LHB Buck Showalter
|
0-0: Called Strike 0-1: Ground out 1-3 (Groundball, 15S, EV 65.6 MPH)
|
|
Batting: RHB George Ramos
|
0-0: Ball 1-0: Ball 2-0: Foul Ball, location: 2F 2-1: Swinging Strike 2-2: Strikes out swinging
|
| Bottom of the 9th over - 0 runs, 0 hits, 0 errors, 0 left on base; Dallas-Fort Worth 17 - Round Rock 5 |
|